 Dungeon Crawl Stone Soup version 0.22-a0-354-g30dfbe6 (webtiles) character file.

22 Kairos the Skirmisher (level 2, 15/16 HPs)
             Began as a Vine Stalker Fighter on Apr 16, 2018.
             Got out of the dungeon alive.
             The game lasted 00:01:12 (828 turns).

Kairos the Skirmisher (Vine Stalker Fighter)         Turns: 828, Time: 00:01:13

Health: 15/16      AC:  6    Str: 18    XL:     2   Next: 91%
Magic:  3/3        EV:  7    Int:  8    God:
Gold:   42         SH:  9    Dex: 13    Spells: 1/1 levels left

rFire    . . .     SeeInvis .   a - +0 war axe
rCold    . . .     Gourm    .   c - +0 shield
rNeg     . . .     Faith    .   b - +0 scale mail
rPois    .         Spirit   +   (no helmet)
rElec    .         Reflect  .   (no cloak)
rCorr    .         Harm     .   (no gloves)
MR       .....                  (no boots)
Stlth    ..........             (no amulet)
HPRegen  0.05/turn              e - ring of flight
MPRegen  0.08/turn              (no ring)

@: no status effects
A: fangs 2, magic shield, antimagic bite, no potion heal 3, rot immunity
a: Evoke Flight


You escaped.
You were not hungry.

You visited 1 branch of the dungeon, and saw 1 of its levels.

You collected 42 gold pieces.

Inventory:

Hand Weapons
 a - a +0 war axe (weapon)
Armour
 b - a +0 scale mail (worn)
 c - a +0 shield (worn)
Jewellery
 e - a ring of flight (left hand)
Scrolls
 h - a scroll of identify
 i - a scroll of fear {unknown}
Potions
 d - a potion of might
 j - a potion of agility
Comestibles
 f - 2 rations


   Skills:
 + Level 3.0 Fighting
 + Level 2.0 Axes
 + Level 2.6 Armour
 + Level 3.0 Shields


You had one spell level left.
You didn't know any spells.

Dungeon Overview and Level Annotations

Branches:
Dungeon (1/15)

Altars:


Innate Abilities, Weirdness & Mutations

You have extremely sharp teeth.
When hurt, damage is shared between your health and your magic reserves.
Your bite disrupts and absorbs the magic of your enemies.
Potions cannot restore your health.
You are immune to rotting.


Message History

No target in view!
Key pressed, stopping explore.
No target in view!
You open the door.
There is an open door here.
Done exploring.
No target in view!
Key pressed, stopping explore.
No target in view!
Done exploring.
Done exploring.
No target in view!
As you read the scroll labeled SEXTAZ QAOKLOXT, it crumbles to dust.
You feel blessed for a moment.
It was a scroll of remove curse.
As you read the scroll labeled KAJOSO NUMNAANG, it crumbles to dust.
It is a scroll of identify.
j - a potion of agility
There is a staircase leading out of the dungeon here.
Are you sure you want to leave the Dungeon?
This will make you lose the game!
You have escaped!

.############.####....#.#.#.#.#
.........# #.# #....#.#.#'#.###
####.##### #.# #....#.......##.
#..# #.# ##.....#........ ##.#
##'## ###.#.#....###. #.# #...#
#.#.......... #.# #...#
#.#.#.....### #)# ###...###
#.........# #.# #......@#
#.#.#.....###
#(####.......####.#.#........
#(#.............#.#.#....####
#.(......⌠......'.#.#........
###......(......#.#..........
####.......####............
#.......# #.#.>........
###...### #.#.......... #...#
#.#..........


There were no monsters in sight!

Vanquished Creatures
  2 leopard geckos (D:1)
  2 bats (D:1)
  A giant cockroach (D:1)
  3 goblins (D:1)
  3 hobgoblins (D:1)
  A jackal (D:1)
  A ball python (D:1)
  2 frilled lizards (D:1)
  3 kobolds (D:1)
  A rat (D:1)
19 creatures vanquished.

Notes
Turn   | Place    | Note
-------+----------+-------------------------------------------
     0 | D:1      | Kairos the Vine Stalker Fighter began the quest for the Orb.
     0 | D:1      | Reached XP level 1. HP: 11/11 MP: 2/2
    92 | D:1      | Reached XP level 2. HP: 10/16 MP: 3/3
   828 | D:$      | Got out of the dungeon alive.

Vault maps used:
D:1:      minmay_arrival_cross, minmay_vboxes

Skill      XL: |  1  2 |
---------------+-------+-----
Fighting       | 3 |  3.0
Shields        | 3 |  3.0
Axes           | 2 |  2.0
Armour         | |  2.6

Action                   || total
-------------------------++-------
Melee: War axe           ||    48
       Bite              ||    11
  Use: Scroll            ||     2
Armor: Scale mail        ||    29
Dodge: Dodged            ||    22
Block: Shield            ||    39

Table legend:
 A = Spawn XP
 B = Non-spawn XP
 C = Spawn XP percentage of total XP
 D = Spawn monster count
 E = Non-spawn monster count
 F = Spawn count percentage of total count
 G = Total turns spent on level
                    A         B        C        D         E        F      G
               +---------+---------+-------+---------+---------+-------+---------
         Total |       0 |      32 |   0.0 |       0 |      19 |   0.0 |   828
               +---------+---------+-------+---------+---------+-------+---------
           D:1 |       0 |      32 |   0.0 |       0 |      19 |   0.0 |   828
               +---------+---------+-------+---------+---------+-------+---------
